 Dungeon Sprint DCSS version 0.31-a0-986-g5e6e4ef867 (webtiles) character file.

Game seed: 16495979919613248677

188 sircluck the Ruffian (level 5, -4/59 HPs)
             Began as a Troll Berserker on Nov 18, 2023.
             Was an Elder of Trog.
             Killed from afar by a deep elf pyromancer (36 damage)
             ... with a bolt of fire
             ... in the Dungeon (Sprint III: "The Ten Rune Challenge").
             The game lasted 00:00:48 (201 turns).

sircluck the Ruffian (Troll Berserker)               Turns: 201, Time: 00:00:48

Health: -4/59      AC:  4    Str: 26    XL:     5   Next: 39%
Magic:  4/4        EV: 12    Int:  2    God:    Trog [****..]
Gold:   21         SH:  0    Dex: 13    Spells: 4/4 levels left

rFire   . .          .
                       - Unarmed
rCold   . . .        (no shield)
rNeg    . . .        a - +0 animal skin
rPois   +            (helmet restricted)
rElec   .            (no cloak)
rCorr   .            (gloves unavailable)
SInv    .            (boots unavailable)
Will    .....        (no amulet)
Stlth   +            (no ring)
HPRegen 1.09/turn    (no ring)
MPRegen 0.09/turn

%: no teleportation
@: no status effects
A: large, unfitting armour, claws 3, regeneration 1, shaggy fur 1, tough skin 1,
agile 1, poison resistance
a: Renounce Religion, Berserk, Trog's Hand, Brothers in Arms


You were in the Dungeon.
You worshipped Trog.
Trog was greatly pleased with you.
You visited 1 branch You collected 21 gold pieces.

Inventory:

Armour
 a - a +0 animal skin (worn)
Scrolls
 g - a scroll of blinking
 i - 2 scrolls of torment {unknown}
 j - 4 scrolls of identify
Potions
 b - 2 potions of curing
 c - a potion of heal wounds
 d - a potion of haste
 e - 2 potions of magic
 f - a potion of berserk rage
 k - 2 potions of enlightenment {unknown}


   Skills:
 + Level 6.0 Fighting
 + Level 5.9 Dodging
 + Level 7.1 Unarmed Combat


You had 4 spell levels left.
You didn't know any spells.
Your spell library was empty.

Dungeon Overview and Level Annotations

Branches:
Dungeon (1/1)

Altars:
Elyvilon
Kikubaaqudgha
Sif Muna
Vehumet
Zin
The Shining One


Innate Abilities, Weirdness & Mutations

You are too large for most types of armour.
You have claws for hands.
Your natural rate of healing is unusually fast.
You are covered in fur. (AC +1)
You have tough skin. (AC +1)
You are agile. (Dex +4, Str/Int -1)
Your system is resistant to poisons. (rPois)


Message History

The hellwing hits you! x2
* * * LOW HITPOINT WARNING * * *
The shadow imp hits you.
* * * LOW HITPOINT WARNING * * *
You mangle the kobold demonologist!!
You kill the kobold demonologist!
Trog accepts your kill.
Trog appreciates your killing of a magic user.
You can now call in reinforcements.
The ice devil disappears in a puff of smoke!
The crimson imp disappears in a puff of smoke!
The ufetubus disappears in a puff of smoke!
The shadow imp disappears in a puff of smoke!
The hellwing disappears in a puff of smoke!
Your Fighting skill increases to level 6!
Your Unarmed Combat skill increases to level 7!
Unknown command.
Unknown command.
As you open the door, it creaks loudly!
You hear a shout!
A deep elf pyromancer comes into view.
It is wielding a +2 long sword of holy wrath.
Found three altars.
Found a potion of heal wounds.
The deep elf pyromancer hits you with a +2 long sword of holy wrath.
There is an open door here.
You claw the deep elf pyromancer!
The deep elf pyromancer is heavily wounded.
The deep elf pyromancer hits you with a +2 long sword of holy wrath!
You scratch the deep elf pyromancer.
Your claw misses the deep elf pyromancer.
The deep elf pyromancer is heavily wounded.
The deep elf pyromancer hits you with a +2 long sword of holy wrath!
You scratch the deep elf pyromancer.
The deep elf pyromancer is heavily wounded.
The deep elf pyromancer hits you with a +2 long sword of holy wrath!
You scratch the deep elf pyromancer.
The deep elf pyromancer is heavily wounded.
The deep elf pyromancer points at you and mumbles some strange words.
The bolt of fire hits you!!!
Ouch! That really hurt!
You die...

▓▓▓▓▓▓ ▓▓▓ .'...♣♣♣♣
♣.##### .#....♣.♣
♣.#___# ##......♣
♣.#!e.#
.#....~.♣♣♣♣.###@#+###+#
.#...~~♣♣..♣.#..........
.#..~~~~♣.♣..'.⌠........
'#..~≈≈~~~♣♣.#...######+
.#.~~≈~~~....#.⌠.#
.#.~≈~~~.....#...#
.#.~~~†......#)###
##...........#)::#
.............#___#


You could see a deep elf pyromancer.

Vanquished Creatures
  A scorpion (D)
  A water elemental (D)
  An arcanist (D)
  A human (D)
  A kobold demonologist (D)
  An endoplasm (D)
  3 rats (D)
9 creatures vanquished.

Notes
Turn   | Place    | Note
-------+----------+-------------------------------------------
     0 | D        | sircluck the Troll Berserker began the quest for the Orb.
     0 | D        | Reached XP level 1. HP: 22/22 MP: 0/0
    15 | D        | Reached ** piety under Trog
    45 | D        | Reached skill level 4 in Unarmed Combat
    45 | D        | Reached XP level 2. HP: 17/31 MP: 1/1
    60 | D        | Noticed a scorpion
    72 | D        | Killed a scorpion
    73 | D        | Reached skill level 5 in Unarmed Combat
    73 | D        | Reached XP level 3. HP: 21/40 MP: 2/2
    73 | D        | Reached XP level 4. HP: 26/49 MP: 3/3
   111 | D        | Gained mutation: Your body sometimes deteriorates upon
                  | taking damage. [potion of mutation]
   111 | D        | Gained mutation: You are resistant to electric shocks.
                  | (rElec) [potion of mutation]
   112 | D        | Lost mutation: Your body sometimes deteriorates upon taking
                  | damage. [potion of mutation]
   112 | D        | Lost mutation: You are resistant to electric shocks.
                  | (rElec) [potion of mutation]
   112 | D        | Gained mutation: You are weak. (Str -2) [potion of
                  | mutation]
   112 | D        | Gained mutation: Your spells are a little easier to cast,
                  | but a little less powerful. [potion of mutation]
   113 | D        | Lost mutation: You are weak. (Str -2) [potion of mutation]
   113 | D        | Lost mutation: Your spells are a little easier to cast, but
                  | a little less powerful. [potion of mutation]
   113 | D        | Gained mutation: Your body sometimes deteriorates upon
                  | taking damage. [potion of mutation]
   114 | D        | Lost mutation: Your body sometimes deteriorates upon taking
                  | damage. [potion of mutation]
   114 | D        | Gained mutation: Your system is resistant to poisons.
                  | (rPois) [potion of mutation]
   114 | D        | Gained mutation: You are agile. (Dex +4, Str/Int -1)
                  | [potion of mutation]
   129 | D        | Noticed a water elemental
   135 | D        | Killed a water elemental
   135 | D        | Reached *** piety under Trog
   136 | D        | Reached skill level 5 in Fighting
   136 | D        | Reached skill level 5 in Dodging
   136 | D        | Reached skill level 6 in Unarmed Combat
   136 | D        | Reached XP level 5. HP: 51/57 MP: 4/4
   140 | D        | Found a radiant altar of Vehumet.
   140 | D        | Found a shimmering blue altar of Sif Muna.
   140 | D        | Found an ancient bone altar of Kikubaaqudgha.
   143 | D        | Noticed a ynoxinul
   146 | D        | Noticed a hellwing
   148 | D        | Noticed an ice devil
   149 | D        | Reached **** piety under Trog
   150 | D        | Reached skill level 7 in Unarmed Combat
   196 | D        | Found a glowing silver altar of Zin.
   196 | D        | Found a glowing golden altar of the Shining One.
   196 | D        | Found a white marble altar of Elyvilon.
   196 | D        | Noticed a deep elf pyromancer
   201 | D        | Killed from afar by a deep elf pyromancer

Illustrated notes

Levels and vault maps discovered:
D:        dungeon_sprint_mu [sprint_mu_entry_forest, sprint_mu_temple_rooms,
          sprint_mu_d1_horrors, sprint_mu_d2_genie, sprint_mu_d3_branching,
          sprint_mu_orc_legion, sprint_mu_elf_gauntlet, sprint_mu_hive_nellie,
          sprint_mu_lair_fedhas, sprint_mu_vaults_butterflies,
          sprint_mu_slime_circle, sprint_mu_swamp_cave, sprint_mu_shoals_kraken,
          sprint_mu_blade_basic, sprint_mu_crypt_chambers,
          sprint_mu_tomb_spiral, sprint_mu_vestibule_basic,
          sprint_mu_gehenna_hellfire, sprint_mu_dis_giant,
          sprint_mu_tartarus_statrot, sprint_mu_cocytus_islands, sprint_mu_zot1]

Skill      XL: |  1  2  3  4  5 |
---------------+----------------+-----
Fighting       | 3 4 5 6 |  6.0
Dodging        | 3 4 5 |  5.9
Unarmed Combat | 4 5 6 7 |  7.1

Action                     |  1- 3 |  4- 6 || total
---------------------------+-------+-------++-------
  Melee: Unarmed           |    27 |    16 ||    43
         Punch             |     2 |     2 ||     4
    Use: Potion            |       |     4 ||     4
 Armour: Animal skin       |    15 |    13 ||    28
  Dodge: Dodged            |    10 |     7 ||    17

Table legend: (Time is in decaauts)
 A = Elapsed time spent in this place.
 B = Non-inter-level travel time spent in this place.
 C = Inter-level travel time spent in this place.
 D = Time resting spent in this place.
 E = Time spent auto-exploring this place.
 F = Levels seen in this place.
 G = Mean time per level.
                   A        B        C        D        E       F      G
               +--------+--------+--------+--------+--------+-----+--------+
         Total |    197 |    197 |      0 |      0 |    125 |   1 |  197.0 |
       Dungeon |    197 |    197 |      0 |      0 |    125 |   1 |  197.0 |
               +--------+--------+--------+--------+--------+-----+--------+

Top non-repeatable levels by time:
       D: 197 daAuts
